 Dungeon Crawl Stone Soup version 0.30.1-11-g7821555f0a (webtiles) character file.

Game seed: 11255505843344083305

73 caec the Insei (level 4, 0/35 HPs)
             Began as a Draconian Transmuter on Dec 19, 2023.
             Was a Follower of Qazlal.
             Killed by divine providence
             ... invoked by an orc priest
              (11 damage)
             ... on level 3 of the Dungeon.
             The game lasted 00:08:14 (1691 turns).

caec the Insei (Draconian Transmuter)               Turns: 1691, Time: 00:08:16

Health: 0/35       AC:  5    Str: 11    XL:     4   Next: 8%
Magic:  3/7        EV: 12    Int: 13    God:    Qazlal [*.....]
Gold:   52         SH:  1    Dex: 11    Spells: 5/8 levels left

rFire   . .          .
                       - Unarmed
rCold   . . .        (no shield)
rNeg    . . .        (body armour unavailable)
rPois   .            (helmet currently unavailable)
rElec   .            (no cloak)
rCorr   .            (no gloves)
SInv    +            k - melded +0 pair of boots
Will    .....        e - amulet of the acrobat
Stlth   +            b - ring of see invisible
HPRegen 0.25/turn    (no ring)
MPRegen 0.10/turn

%: acrobat
@: appendages (expiring), wereblooded
A: horns 2, talons 2, AC +5, unfitting armour, cold-blooded, clumsy 1, weak 1
a: End Transformation, Renounce Religion


You were on level 3 of the Dungeon.
You worshipped Qazlal.
Qazlal was aware of your devotion.
You had temporarily grown beastly horns and talons.
You visited 1 branch of the dungeon, and saw 3 of its levels.

You collected 130 gold pieces.
You spent 78 gold pieces at shops.

Inventory:

Missiles
 f - a throwing net
Armour
 k - a +0 pair of boots (melded)
Jewellery
 b - a ring of see invisible (left hand)
 e - an amulet of the acrobat (around neck)
 j - an amulet of guardian spirit
Scrolls
 d - 2 scrolls of enchant weapon {unknown}
 g - a scroll of teleportation
 i - a scroll of poison
Potions
 a - 4 potions of lignification
 c - a potion of brilliance {unknown}
 h - a potion of invisibility {unknown}


   Skills:
 + Level 1.1 Fighting
 + Level 2.0 Dodging
 + Level 0.9 Stealth
 + Level 3.8 Unarmed Combat
 + Level 2.6 Spellcasting
 + Level 2.6 Transmutations


You had 5 spell levels left.
You knew the following spells:

 Your Spells              Type           Power      Damage    Failure   Level
a - Beastly Appendage     Tmut           16%        N/A       9%          1
b - Wereblood             Tmut           8%         N/A       12%         2

Your spell library contained the following spells:

 Spells                   Type           Power      Damage    Failure   Level
 Freeze                   Ice            4%         1d3       24%         1
 Spider Form              Tmut/Pois      5%         N/A       38%         3
 Ice Form                 Ice/Tmut       5%         N/A       80%         4


Dungeon Overview and Level Annotations

Branches:
Dungeon (3/15)

Altars:
Elyvilon
Qazlal

Shops:
D:2 (?[(:   D:3 *


Innate Abilities, Weirdness & Mutations

You have temporarily grown beastly horns and talons.
Your plain brown scales are hard. (AC +5)
You cannot fit into any form of body armour.
You are cold-blooded and may be slowed by cold attacks.
You are clumsy. (Dex -2)
You are weak. (Str -2)


Message History

Casting: Beastly Appendage (safe; 9% risk of failure)
Confirm with . or Enter, or press ? or * to list all spells.
You miscast Beastly Appendage.
You are very lightly contaminated with residual magic.
Nothing appears to happen.
The orc priest closely misses you.
Casting: Beastly Appendage (safe; 9% risk of failure)
Confirm with . or Enter, or press ? or * to list all spells.
You grow a pair of large bovine horns.
Your feet morph into talons.
Your +0 pair of boots melds into your body.
The orc priest hits you but does no damage.
Casting: Beastly Appendage (safe; 9% risk of failure)
Confirm with . or Enter, or press ? or * to list all spells.
Your blood is infused with primal strength.
The orc priest hits you with a +0 club.
You hit the orc priest. Your kick misses the orc priest.
The orc priest is lightly wounded.
You hit the orc priest.
You claw the orc priest, but do no damage.
The orc priest is heavily wounded.
The orc priest barely misses you.
You barely miss the orc priest. Your kick misses the orc priest.
Your headbutt misses the orc priest.
The orc priest is heavily wounded.
The orc priest calls down the wrath of Beogh upon you.
Beogh smites you!
You hit the orc priest. Your kick misses the orc priest.
You headbutt the orc priest.
Your tail-slap misses the orc priest.
The orc priest is almost dead.
The orc priest hits you with a +0 club.
You barely miss the orc priest.
Your tail-slap misses the orc priest.
The orc priest is almost dead.
Your magical contamination has completely faded away.
You punch the orc priest! Your kick misses the orc priest.
The orc priest is heavily wounded.
Your transformation is almost over.
The orc priest calls down the wrath of Beogh upon you.
Pain shoots through your body!
The orc priest mumbles some strange prayers to Beogh against you.
Beogh smites you!
You die...

o## ..## #...
##.o#########
#...##......#
#...##......#
#.#.##......# #
#.##......#
#..#@.....#
##.oo.....# #.
.. ##.......#
.###.# #.......#
.....# ##......#
..... #......#
#..# #......#
###..#
####...####.####
###......#∩##


You could see 2 orc priests.

Vanquished Creatures
  2 adders (D:2)
  A worm (D:2)
  5 dart slugs
  6 ball pythons
  2 bats
  2 endoplasms (D:2)
  A giant cockroach (D:1)
  A hobgoblin (D:2)
  7 jackals (D:2)
  A quokka (D:1)
  A frilled lizard (D:2)
  7 goblins
  2 kobolds
  A rat (D:2)
39 creatures vanquished.

Notes
Turn   | Place    | Note
-------+----------+-------------------------------------------
     0 | D:1      | caec the Draconian Transmuter began the quest for the Orb.
     0 | D:1      | Reached XP level 1. HP: 16/16 MP: 3/3
   166 | D:1      | Reached XP level 2. HP: 23/23 MP: 3/5
   169 | D:1      | Learned a level 2 spell: Wereblood
   840 | D:2      | Reached XP level 3. HP: 28/28 MP: 2/6
   970 | D:2      | Found Nerod's Antique Weapon Shoppe.
  1208 | D:2      | Found Xanolo's Magic Scroll Boutique.
  1230 | D:2      | Bought a scroll of identify for 26 gold pieces
  1230 | D:2      | Bought a scroll of poison for 52 gold pieces
  1231 | D:2      | Gained mutation: You are weak. (Str -2) [potion of
                  | mutation]
  1231 | D:2      | Gained mutation: You are clumsy. (Dex -2) [potion of
                  | mutation]
  1234 | D:2      | Found Kicaisut's Armour Emporium.
  1342 | D:2      | Reached XP level 4. HP: 32/35 MP: 5/7
  1342 | D:2      | Found a faded altar of an unknown god.
  1360 | D:2      | Got Plato's Lectures on Frost
  1361 | D:2      | Prayed at the altar of an unknown god.
  1361 | D:2      | Became a worshipper of Qazlal Stormbringer
  1361 | D:2      | Reached * piety under Qazlal
  1409 | D:2      | Found Yqaykh's Book Emporium.
  1538 | D:2      | Found Yhusmugg's Weapon Shoppe.
  1636 | D:3      | Found a white marble altar of Elyvilon.
  1641 | D:3      | Found Vusan's Assorted Antiques.
  1691 | D:3      | Killed from afar by an orc priest

Illustrated notes

Levels and vault maps discovered:
D:1:      dpeg_arrival_pits, layout_loops_ring
D:2:      layout_rooms, shapermc_ecumenical_altar_rom_forum, serial_shops, shop,
          shop, nicolae_book_shop_shelving, shop, shop
D:3:      layout_basic, mainiacjoe_overflow_alcove_4, serial_shops,
          nicolae_shop_tiny_glass, uniq_terence

Skill      XL: |  1  2  3 |
---------------+----------+-----
Dodging        | 2 |  2.0
Fighting       | |  1.1
Stealth        | |  0.9
Unarmed Combat | |  3.8
Spellcasting   | |  2.6
Transmutations | |  2.6

Action                     |  1- 3 |  4- 6 || total
---------------------------+-------+-------++-------
  Melee: Unarmed           |    68 |    16 ||    84
         Headbutt          |    14 |     1 ||    15
         Tailslap          |     5 |     2 ||     7
         Kick              |    11 |     1 ||    12
         Punch             |       |     2 ||     2
   Cast: Beastly Appendage |    19 |     2 ||    21
         Wereblood         |     6 |     2 ||     8
    Use: Scroll            |     5 |       ||     5
         Potion            |     1 |       ||     1
   Stab: Sleeping          |     1 |       ||     1
 Armour: Skin              |    19 |     2 ||    21
  Dodge: Dodged            |    40 |     6 ||    46
